NULL
Full Scoreboard »»

Flames vs Wild

Created - January 16, 2024 at 20:48

Goals
1 2 3 OT1 T
Flames 0 0 1 0 1
Wild 0 1 0 1 2
Shots
1 2 3 OT1 T
Flames 3 12 12 0 27
Wild 7 9 22 1 39

GoalsPenalties
1st period
No Goal
Phil Kessel (CGY) for Unsportsmanlike conduct (Minor) at 13:05
Radko Gudas (MIN) for Holding Stick (Minor) at 17:35
2nd period
1. Wild , Nico Hischier 4 (Ryan Strome 4, Mikko Rantanen 8) at 17:58 (PP)
Ryan Strome (MIN) for Holding (Minor) at 0:14
Jaroslav Halak (MIN) for Slashing (Double Minor) at 3:38 - Radko Gudas served the penalty
Colton Parayko (CGY) for Holding (Minor) at 11:41
Elias Lindholm (CGY) for Hooking (Minor) at 17:22
Evander Kane (CGY) for Interference (Minor) at 18:04
3rd period
2. Flames , Cale Makar 6 (Elias Lindholm 10, Jake DeBrusk 7) at 9:15
Radko Gudas (MIN) for Fighting (Major) at 11:27
Colton Parayko (CGY) for Fighting (Major) at 11:27
Overtime #1
3. Wild , Jared McCann 11 (Zach Hyman 6, Radko Gudas 7) at 0:39
No Penalty
Goalie Stats
Jeremy Swayman (CGY), 37 saves from 39 shots - (0.949), OTL, 8-6-2, 60:39 minutes
Jaroslav Halak (MIN), 26 saves from 27 shots - (0.963), W, 1-1-0, 60:39 minutes
3 StarsOfficial
1 - Jaroslav Halak (MIN)
2 - Jeremy Swayman (CGY)
3 - Jared McCann (MIN)
Referees : Unknown
Linesman : Unknown
Game Note
Colton Parayko beats up Radko Gudas at 11:27 of 3rd period



Team Name Goals Shots Shots Attemp Shots Blocked PIM HIT PP PK FO%
Flames 12759913270 / 3 (0%)160%
Wild 239651713281 / 4 (25%)040%

Flames
Player Name POS G A P +/- PIM HIT SHT SB MP PP MP PP SHT PK MP PK SHT FO% FOT GA TA
Andreas JohnssonLW/RW000002109:400:4100:1500% 000
Cale MakarD1010002224:304:0913:4100% 001
Claude GirouxC/RW000-1025020:563:4223:39160% 1001
Colton ParaykoD0000720018:583:4401:5900% 010
Dylan DeMeloD0000021220:063:4403:1510% 001
Elias LindholmC/LW/RW0111203019:263:3802:48055% 2011
Erik JohnsonD0001042023:303:4514:1100% 000
Evander KaneLW/RW0001211016:493:4200:0000% 100
Jake DeBruskLW/RW0111018120:173:4223:0300% 111
Jonathon MerrillD0000010217:220:3200:0000% 001
Kyle TurrisC000001009:090:3700:0600% 000
Luke GlendeningC/LW/RW000001008:240:0000:000100% 100
Phil KesselLW/RW000-1200011:150:0000:0000% 010
Pierre-Edouard BellemareC/LW/RW0000002112:350:0000:00073% 1100
Steven StamkosC/LW/RW0000050014:353:3800:00063% 800
Travis DermottD0000000116:310:0000:0000% 000
Tyler ToffoliLW/RW0000032017:493:3703:1500% 012
Walker DuehrRW0000020013:270:3400:0000% 000
Wild
Player Name POS G A P +/- PIM HIT SHT SB MP PP MP PP SHT PK MP PK SHT FO% FOT GA TA
Andrej SekeraD0000001220:350:0003:1400% 001
David ReinbacherD0000012223:222:5703:5400% 000
Eeli TolvanenRW0000031119:323:1303:37033% 310
Jared McCannC/LW1011015117:073:1300:57055% 1101
Kasperi KapanenLW/RW0000021015:480:0003:2900% 200
Kevin ShattenkirkD0000022220:263:3603:4700% 010
Mikko RantanenLW/RW011-1024117:173:2000:0000% 021
Nick SeelerD0000010015:020:0000:5500% 000
Nico HischierC101-1014017:173:2010:00041% 1710
Oliver Ekman-LarssonD000-1021221:092:5703:2200% 000
Philipp KurashevC0000000116:153:1303:31030% 1000
Phillip Di GiuseppeLW/RW0000025010:540:0000:5100% 000
Radko GudasD0110724220:173:3600:4200% 001
Ryan StromeC/RW011-1221017:023:2010:000100% 200
Sam LaffertyC/RW0000002210:030:0000:00025% 410
Zach HymanC/LW/RW0111021112:510:0003:2900% 110
Zach PariseC/LW/RW000001408:570:0000:00050% 210
Zach SanfordLW/RW0000041010:030:0000:0000% 001

Flames

5 vs 5 Forward
Line #Left WingCenterRight WingPHYDFOFWanted %Time %Time Play
1Jake DeBruskElias LindholmEvander Kane1133030%13:34
2Tyler ToffoliSteven StamkosPhil Kessel1132724%11:00
3Walker DuehrPierre-Edouard BellemareClaude Giroux1222528%12:35
4Kyle TurrisLuke GlendeningAndreas Johnsson1221818%8:21
5 vs 5 Defense
Line #DefenseDefensePHYDFOFWanted %Time %Time Play
1Cale MakarErik Johnson1223529%12:59
2Colton ParaykoDylan DeMelo1313334%15:26
3Jonathon MerrillTravis Dermott1313236%16:31
4Cale MakarColton Parayko12201%0:34
Power Play Forward
Line #Left WingCenterRight WingPHYDFOFWanted %Time %Time Play
1Tyler ToffoliElias LindholmSteven Stamkos1135051%4:05
2Jake DeBruskClaude GirouxEvander Kane1135049%3:52
Power Play Defense
Line #DefenseDefensePHYDFOFWanted %Time %Time Play
1Cale MakarErik Johnson1135052%4:09
2Dylan DeMeloColton Parayko1135048%3:48
Penalty Kill 4 Players Forward
Line #CenterWingPHYDFOFWanted %Time %Time Play
1Claude GirouxJake DeBrusk1315047%3:04
2Elias LindholmTyler Toffoli1315053%3:29
Penalty Kill 4 Players Defense
Line #DefenseDefensePHYDFOFWanted %Time %Time Play
1Erik JohnsonCale Makar1315050%3:18
2Dylan DeMeloColton Parayko1315050%3:15
Penalty Kill 3 Players
Line #WingPHYDFOFWanted %Time %Time PlayDefenseDefensePHYDFOFWanted %Time %Time Play
1Jake DeBrusk131500%0:00 Cale MakarDylan DeMelo131500%0:00
2Elias Lindholm131500%0:00 Erik JohnsonColton Parayko131500%0:00
4 vs 4 Forward
Line #CenterWingPHYDFOFWanted %Time %Time Play
1Steven StamkosClaude Giroux122500%0:00
2Elias LindholmJake DeBrusk122500%0:00
4 vs 4 Defense
Line #DefensePHYDFOFWanted %Time %Time Play
1Cale MakarErik Johnson122500%0:00
2Dylan DeMeloColton Parayko122500%0:00
Last Minutes Offensive
Left WingCenterRight WingDefenseDefense
Jake DeBruskClaude GirouxSteven StamkosCale MakarColton Parayko
Last Minutes Defensive
Left WingCenterRight WingDefenseDefense
Jake DeBruskClaude GirouxElias LindholmCale MakarColton Parayko
Time
Total ForwardTotal DefenseLast Minutes OffensiveLast Minutes Defensive
60:00 60:00 0:000:00
Extra Forwards
Normal PowerPlayPenalty Kill
Elias Lindholm, Steven Stamkos, Tyler ToffoliClaude Giroux, Evander KaneElias Lindholm
Extra Defensemen
Normal PowerPlayPenalty Kill
Colton Parayko, Cale Makar, Erik JohnsonColton Parayko, Colton ParaykoErik Johnson
Penalty Shots
Steven Stamkos, Jake DeBrusk, Cale Makar, Evander Kane, Tyler Toffoli
Goalie
Jeremy Swayman, Jacob Markstrom
Custom OT Lines Forwards
Claude Giroux, Evander Kane, Elias Lindholm, Phil Kessel, Jake DeBrusk, Walker Duehr, Steven Stamkos, Andreas Johnsson, Tyler Toffoli, Pierre-Edouard Bellemare
Custom OT Lines Defensemen
Cale Makar, Erik Johnson, Colton Parayko, Jonathon Merrill, Dylan DeMelo
Scratches
Anders Bjork (Healthy), Ronald Attard (Healthy)

Wild

5 vs 5 Forward
Line #Left WingCenterRight WingPHYDFOFWanted %Time %Time Play
1Mikko RantanenNico HischierRyan Strome0233330%13:48
2Kasperi KapanenJared McCannEeli Tolvanen0233228%12:42
3Zach HymanPhilipp KurashevZach Parise0232020%8:57
4Phillip Di GiuseppeSam LaffertyZach Sanford0231522%10:03
5 vs 5 Defense
Line #DefenseDefensePHYDFOFWanted %Time %Time Play
1Radko GudasAndrej Sekera1403637%16:58
2Oliver Ekman-LarssonKevin Shattenkirk0413437%16:57
3David ReinbacherNick Seeler1403025%11:15
4Radko GudasKevin Shattenkirk12201%0:20
Power Play Forward
Line #Left WingCenterRight WingPHYDFOFWanted %Time %Time Play
1Mikko RantanenNico HischierRyan Strome0145051%3:20
2Jared McCannPhilipp KurashevEeli Tolvanen0145049%3:13
Power Play Defense
Line #DefenseDefensePHYDFOFWanted %Time %Time Play
1Radko GudasKevin Shattenkirk1135055%3:36
2David ReinbacherOliver Ekman-Larsson1135045%2:57
Penalty Kill 4 Players Forward
Line #CenterWingPHYDFOFWanted %Time %Time Play
1Philipp KurashevKasperi Kapanen0415051%4:03
2Zach HymanEeli Tolvanen0415049%3:54
Penalty Kill 4 Players Defense
Line #DefenseDefensePHYDFOFWanted %Time %Time Play
1Radko GudasKevin Shattenkirk1315058%4:35
2David ReinbacherOliver Ekman-Larsson1315042%3:22
Penalty Kill 3 Players
Line #WingPHYDFOFWanted %Time %Time PlayDefenseDefensePHYDFOFWanted %Time %Time Play
1Mikko Rantanen050500%0:00 Radko GudasKevin Shattenkirk050500%0:00
2Nico Hischier050500%0:00 David ReinbacherOliver Ekman-Larsson050500%0:00
4 vs 4 Forward
Line #CenterWingPHYDFOFWanted %Time %Time Play
1Mikko RantanenNico Hischier023500%0:00
2Ryan StromeJared McCann023500%0:00
4 vs 4 Defense
Line #DefensePHYDFOFWanted %Time %Time Play
1Radko GudasKevin Shattenkirk041500%0:00
2Andrej SekeraOliver Ekman-Larsson041500%0:00
Last Minutes Offensive
Left WingCenterRight WingDefenseDefense
Mikko RantanenNico HischierRyan StromeOliver Ekman-LarssonKevin Shattenkirk
Last Minutes Defensive
Left WingCenterRight WingDefenseDefense
Jared McCannNico HischierMikko RantanenRadko GudasKevin Shattenkirk
Time
Total ForwardTotal DefenseLast Minutes OffensiveLast Minutes Defensive
60:00 60:00 0:000:00
Extra Forwards
Normal PowerPlayPenalty Kill
Mikko Rantanen, Nico Hischier, Ryan StromeMikko Rantanen, Nico HischierPhilipp Kurashev
Extra Defensemen
Normal PowerPlayPenalty Kill
Radko Gudas, David Reinbacher, Andrej SekeraKevin Shattenkirk, Radko GudasKevin Shattenkirk
Penalty Shots
Mikko Rantanen, Nico Hischier, Jared McCann, Zach Hyman, Ryan Strome
Goalie
Jaroslav Halak, Jake Allen
Custom OT Lines Forwards
Mikko Rantanen, Nico Hischier, Jared McCann, Zach Hyman, Ryan Strome, Zach Parise, Kasperi Kapanen, Eeli Tolvanen, Philipp Kurashev, Sam Lafferty
Custom OT Lines Defensemen
Radko Gudas, Kevin Shattenkirk, David Reinbacher, Oliver Ekman-Larsson, Andrej Sekera
Scratches
Anton Stralman (Healthy), Ben Harpur (Healthy), Jonas Johansson (Healthy)


Play-by-Play

1st period


0:01 of 1st period - Elias Lindholm wins face-off versus Nico Hischier in neutral zone.
1:23 of 1st period - Snap shot by Kyle Turris.
1:23 of 1st period - Shot Blocked by Sam Lafferty.
2:21 of 1st period - Wrist shot by Tyler Toffoli.
2:21 of 1st period - Deflect By Zach Parise.
2:21 of 1st period - Stopped by Jaroslav Halak with a rebound.
2:23 of 1st period - Slapshot by Colton Parayko.
2:23 of 1st period - Deflect By Tyler Toffoli.
2:23 of 1st period - Stopped by Jaroslav Halak without a rebound.
2:24 of 1st period - Nico Hischier wins face-off versus Pierre-Edouard Bellemare in Wild zone.
2:49 of 1st period - Jonathon Merrill is hit by Eeli Tolvanen.
2:53 of 1st period - Jared McCann is hit by Tyler Toffoli and loses puck.
3:36 of 1st period - Snap shot by Andreas Johnsson.
3:36 of 1st period - Deflect By Zach Hyman.
3:36 of 1st period - Shot Misses the Net.
3:36 of 1st period - Puck is out of play.
3:37 of 1st period - Pierre-Edouard Bellemare wins face-off versus Nico Hischier in Wild zone.
3:40 of 1st period - Wrist shot by Claude Giroux.
3:40 of 1st period - Shot Misses the Net.
4:49 of 1st period - Jake DeBrusk is hit by Nico Hischier and loses puck.
5:49 of 1st period - Kevin Shattenkirk is hit by Andreas Johnsson and loses puck.
5:58 of 1st period - Wrist shot by Kyle Turris.
5:58 of 1st period - Shot Blocked by Kevin Shattenkirk.
6:14 of 1st period - Kevin Shattenkirk is hit by Claude Giroux and loses puck.
6:31 of 1st period - Kevin Shattenkirk is hit by Steven Stamkos and loses puck.
6:46 of 1st period - Snap shot by Jared McCann.
6:46 of 1st period - Stopped by Jeremy Swayman without a rebound.
6:47 of 1st period - Jared McCann wins face-off versus Elias Lindholm in Flames zone.
7:21 of 1st period - Tyler Toffoli is hit by Zach Sanford and loses puck.
7:34 of 1st period - David Reinbacher is hit by Walker Duehr.
8:13 of 1st period - Snap shot by Elias Lindholm.
8:13 of 1st period - Deflect By Jake DeBrusk.
8:13 of 1st period - Stopped by Jaroslav Halak without a rebound.
8:14 of 1st period - Nico Hischier wins face-off versus Elias Lindholm in Wild zone.
8:43 of 1st period - Snap shot by Zach Parise.
8:43 of 1st period - Stopped by Jeremy Swayman with a rebound.
8:45 of 1st period - Slapshot by Radko Gudas.
8:45 of 1st period - Stopped by Jeremy Swayman without a rebound.
8:46 of 1st period - Zach Parise wins face-off versus Steven Stamkos in Flames zone.
9:01 of 1st period - Slapshot by Zach Hyman.
9:01 of 1st period - Stopped by Jeremy Swayman without a rebound.
9:02 of 1st period - Eeli Tolvanen wins face-off versus Pierre-Edouard Bellemare in Flames zone.
9:05 of 1st period - Wrist shot by Kasperi Kapanen.
9:05 of 1st period - Shot Misses the Net.
9:07 of 1st period - Wrist shot by Eeli Tolvanen.
9:07 of 1st period - Deflect By Jared McCann.
9:07 of 1st period - Shot Blocked by Pierre-Edouard Bellemare.
9:07 of 1st period - Puck is out of play.
9:08 of 1st period - Pierre-Edouard Bellemare wins face-off versus Kasperi Kapanen in Flames zone.
9:12 of 1st period - Off-side.
9:13 of 1st period - Jared McCann wins face-off versus Steven Stamkos in neutral zone.
9:18 of 1st period - Snap shot by Jared McCann.
9:18 of 1st period - Shot Misses the Net.
9:46 of 1st period - Wrist shot by Nico Hischier.
9:46 of 1st period - Stopped by Jeremy Swayman with a rebound.
10:32 of 1st period - Zach Parise is hit by Dylan DeMelo and loses puck.
10:57 of 1st period - Colton Parayko is hit by Eeli Tolvanen.
11:04 of 1st period - Icing by Colton Parayko.
11:05 of 1st period - Nico Hischier wins face-off versus Elias Lindholm in Flames zone.
11:06 of 1st period - Snap shot by Mikko Rantanen.
11:06 of 1st period - Shot Blocked by Dylan DeMelo.
11:08 of 1st period - Slapshot by Kevin Shattenkirk.
11:08 of 1st period - Stopped by Jeremy Swayman without a rebound.
11:09 of 1st period - Pierre-Edouard Bellemare wins face-off versus Nico Hischier in Flames zone.
11:34 of 1st period - Kyle Turris is hit by Radko Gudas and loses puck.
12:11 of 1st period - Snap shot by Elias Lindholm.
12:11 of 1st period - Shot Misses the Net.
12:20 of 1st period - Off-side.
12:21 of 1st period - Steven Stamkos wins face-off versus Philipp Kurashev in neutral zone.
12:53 of 1st period - Wrist shot by Eeli Tolvanen.
12:53 of 1st period - Stopped by Jeremy Swayman with a rebound.
13:05 of 1st period - Minor Penalty to Phil Kessel for Unsportsmanlike conduct.
13:06 of 1st period - Claude Giroux wins face-off versus Nico Hischier in Flames zone.
15:05 of 1st period - Penalty to Phil Kessel is over, Phil Kessel is back on ice.
16:29 of 1st period - Icing by Cale Makar.
16:30 of 1st period - Elias Lindholm wins face-off versus Sam Lafferty in Flames zone.
16:54 of 1st period - David Reinbacher is hit by Kyle Turris and loses puck.
17:35 of 1st period - Minor Penalty to Radko Gudas for Holding Stick.
17:36 of 1st period - Philipp Kurashev wins face-off versus Elias Lindholm in Wild zone.
17:49 of 1st period - Snap shot by Tyler Toffoli.
17:49 of 1st period - Shot Misses the Net.
17:51 of 1st period - Wrist shot by Dylan DeMelo.
17:51 of 1st period - Shot Misses the Net.
19:09 of 1st period - Steven Stamkos is hit by Kevin Shattenkirk and loses puck.
19:35 of 1st period - Penalty to Radko Gudas is over, Radko Gudas is back on ice.
Goals for this period are 0 for Flames vs 0 for Wild.
Shots for this period are 3 for Flames vs 7 for Wild.

2nd period


0:01 of 2nd period - Elias Lindholm wins face-off versus Nico Hischier in neutral zone.
0:01 of 2nd period - Elias Lindholm is hit by Ryan Strome.
0:09 of 2nd period - Wrist shot by Elias Lindholm.
0:09 of 2nd period - Shot Misses the Net.
0:14 of 2nd period - Minor Penalty to Ryan Strome for Holding.
0:15 of 2nd period - Claude Giroux wins face-off versus Philipp Kurashev in Wild zone.
0:21 of 2nd period - Snap shot by Claude Giroux.
0:21 of 2nd period - Stopped by Jaroslav Halak with a rebound.
0:23 of 2nd period - Slapshot by Cale Makar.
0:23 of 2nd period - Shot Blocked by David Reinbacher.
0:25 of 2nd period - Snap shot by Jake DeBrusk.
0:25 of 2nd period - Stopped by Jaroslav Halak with a rebound.
0:27 of 2nd period - Slapshot by Erik Johnson.
0:27 of 2nd period - Shot Blocked by David Reinbacher.
0:29 of 2nd period - Wrist shot by Erik Johnson.
0:29 of 2nd period - Stopped by Jaroslav Halak with a rebound.
0:31 of 2nd period - Snap shot by Jake DeBrusk.
0:31 of 2nd period - Stopped by Jaroslav Halak with a rebound.
0:48 of 2nd period - Snap shot by Tyler Toffoli.
0:48 of 2nd period - Shot Blocked by Zach Hyman.
0:50 of 2nd period - Backhand shot by Tyler Toffoli.
0:50 of 2nd period - Shot Misses the Net.
1:28 of 2nd period - Radko Gudas is hit by Steven Stamkos and loses puck.
2:14 of 2nd period - Penalty to Ryan Strome is over, Ryan Strome is back on ice.
2:17 of 2nd period - Eeli Tolvanen is hit by Dylan DeMelo and loses puck.
2:22 of 2nd period - Slapshot by Andreas Johnsson.
2:22 of 2nd period - Stopped by Jaroslav Halak without a rebound.
2:23 of 2nd period - Luke Glendening wins face-off versus Nico Hischier in Wild zone.
3:18 of 2nd period - Steven Stamkos is hit by Zach Hyman and loses puck.
3:36 of 2nd period - Slapshot by Claude Giroux.
3:36 of 2nd period - Deflect By Pierre-Edouard Bellemare.
3:36 of 2nd period - Stopped by Jaroslav Halak without a rebound.
3:37 of 2nd period - Elias Lindholm wins face-off versus Nico Hischier in Wild zone.
3:38 of 2nd period - Snap shot by Jake DeBrusk.
3:38 of 2nd period - Stopped by Jaroslav Halak without a rebound.
3:38 of 2nd period - Double Minor Penalty to Jaroslav Halak for Slashing.
3:39 of 2nd period - Elias Lindholm wins face-off versus Zach Hyman in Wild zone.
3:54 of 2nd period - Slapshot by Cale Makar.
3:54 of 2nd period - Stopped by Jaroslav Halak without a rebound.
3:55 of 2nd period - Claude Giroux wins face-off versus Philipp Kurashev in Wild zone.
4:02 of 2nd period - Slapshot by Cale Makar.
4:02 of 2nd period - Shot Blocked by Andrej Sekera.
4:04 of 2nd period - Wrist shot by Evander Kane.
4:04 of 2nd period - Shot Misses the Net.
4:06 of 2nd period - Slapshot by Cale Makar.
4:06 of 2nd period - Shot Misses the Net.
4:08 of 2nd period - Slapshot by Cale Makar.
4:08 of 2nd period - Shot Blocked by Kevin Shattenkirk.
4:10 of 2nd period - Slapshot by Erik Johnson.
4:10 of 2nd period - Deflect By Claude Giroux.
4:10 of 2nd period - Deflect By Kevin Shattenkirk.
4:10 of 2nd period - Stopped by Jaroslav Halak with a rebound.
7:38 of 2nd period - Penalty to Radko Gudas is over, Radko Gudas is back on ice.
7:49 of 2nd period - Luke Glendening is hit by Oliver Ekman-Larsson and loses puck.
8:00 of 2nd period - Snap shot by Nico Hischier.
8:00 of 2nd period - Shot Misses the Net.
8:02 of 2nd period - Snap shot by Radko Gudas.
8:02 of 2nd period - Stopped by Jeremy Swayman with a rebound.
8:24 of 2nd period - Oliver Ekman-Larsson is hit by Steven Stamkos and loses puck.
8:43 of 2nd period - Colton Parayko is hit by Kevin Shattenkirk and loses puck.
9:00 of 2nd period - Evander Kane is hit by Nick Seeler and loses puck.
9:53 of 2nd period - Luke Glendening is hit by Zach Parise and loses puck.
10:30 of 2nd period - Jonathon Merrill is hit by Zach Sanford and loses puck.
10:35 of 2nd period - Slapshot by Kevin Shattenkirk.
10:35 of 2nd period - Stopped by Jeremy Swayman without a rebound.
10:36 of 2nd period - Pierre-Edouard Bellemare wins face-off versus Sam Lafferty in Flames zone.
10:41 of 2nd period - Snap shot by Phillip Di Giuseppe.
10:41 of 2nd period - Stopped by Jeremy Swayman with a rebound.
10:53 of 2nd period - Jake DeBrusk is hit by Ryan Strome and loses puck.
10:58 of 2nd period - Wrist shot by Nico Hischier.
10:58 of 2nd period - Stopped by Jeremy Swayman without a rebound.
10:59 of 2nd period - Steven Stamkos wins face-off versus Nico Hischier in Flames zone.
11:30 of 2nd period - Snap shot by Mikko Rantanen.
11:30 of 2nd period - Stopped by Jeremy Swayman without a rebound.
11:31 of 2nd period - Jared McCann wins face-off versus Elias Lindholm in Flames zone.
11:41 of 2nd period - Minor Penalty to Colton Parayko for Holding.
11:42 of 2nd period - Elias Lindholm wins face-off versus Philipp Kurashev in Flames zone.
11:52 of 2nd period - Claude Giroux is hit by Jared McCann and loses puck.
12:32 of 2nd period - Wrist shot by Claude Giroux.
12:32 of 2nd period - Shot Misses the Net.
12:34 of 2nd period - Slapshot by Dylan DeMelo.
12:34 of 2nd period - Stopped by Jaroslav Halak without a rebound.
12:35 of 2nd period - Claude Giroux wins face-off versus Philipp Kurashev in Wild zone.
12:54 of 2nd period - Mikko Rantanen is hit by Erik Johnson and loses puck.
13:15 of 2nd period - Snap shot by Jake DeBrusk.
13:15 of 2nd period - Shot Blocked by Radko Gudas.
13:17 of 2nd period - Wrist shot by Claude Giroux.
13:17 of 2nd period - Stopped by Jaroslav Halak without a rebound.
13:18 of 2nd period - Ryan Strome wins face-off versus Claude Giroux in Wild zone.
13:41 of 2nd period - Penalty to Colton Parayko is over, Colton Parayko is back on ice.
13:56 of 2nd period - David Reinbacher is hit by Claude Giroux and loses puck.
14:08 of 2nd period - Claude Giroux is hit by Zach Sanford and loses puck.
14:16 of 2nd period - Icing by Jonathon Merrill.
14:17 of 2nd period - Philipp Kurashev wins face-off versus Claude Giroux in Flames zone.
14:20 of 2nd period - Snap shot by Jared McCann.
14:20 of 2nd period - Shot Blocked by Travis Dermott.
14:22 of 2nd period - Slapshot by Radko Gudas.
14:22 of 2nd period - Deflect By Jared McCann.
14:22 of 2nd period - Stopped by Jeremy Swayman with a rebound.
14:24 of 2nd period - Snap shot by Kasperi Kapanen.
14:24 of 2nd period - Stopped by Jeremy Swayman without a rebound.
14:25 of 2nd period - Steven Stamkos wins face-off versus Jared McCann in Flames zone.
14:25 of 2nd period - Steven Stamkos is hit by Eeli Tolvanen.
14:33 of 2nd period - Steven Stamkos is hit by Kasperi Kapanen and loses puck.
14:52 of 2nd period - Cale Makar is hit by Mikko Rantanen and loses puck.
15:39 of 2nd period - Slapshot by Kevin Shattenkirk.
15:39 of 2nd period - Deflect By Sam Lafferty.
15:39 of 2nd period - Shot Blocked by Dylan DeMelo.
15:39 of 2nd period - Puck is out of play.
15:40 of 2nd period - Elias Lindholm wins face-off versus Eeli Tolvanen in Flames zone.
16:05 of 2nd period - Eeli Tolvanen is hit by Walker Duehr and loses puck.
16:55 of 2nd period - Snap shot by Jake DeBrusk.
16:55 of 2nd period - Stopped by Jaroslav Halak without a rebound.
16:56 of 2nd period - Nico Hischier wins face-off versus Pierre-Edouard Bellemare in Wild zone.
17:22 of 2nd period - Minor Penalty to Elias Lindholm for Hooking.
17:23 of 2nd period - Philipp Kurashev wins face-off versus Claude Giroux in Flames zone.
17:54 of 2nd period - Snap shot by Nico Hischier.
17:54 of 2nd period - Shot Blocked by Cale Makar.
17:56 of 2nd period - Wrist shot by Ryan Strome.
17:56 of 2nd period - Stopped by Jeremy Swayman with a rebound.
17:58 of 2nd period - Snap shot by Nico Hischier.
17:58 of 2nd period - Goal by Nico Hischier - Flames : 0 - Wild : 1.
17:59 of 2nd period - Jared McCann wins face-off versus Elias Lindholm in neutral zone.
18:02 of 2nd period - Wrist shot by Kasperi Kapanen.
18:02 of 2nd period - Shot Misses the Net.
18:04 of 2nd period - Minor Penalty to Evander Kane for Interference.
18:05 of 2nd period - Claude Giroux wins face-off versus Philipp Kurashev in Flames zone.
Goals for this period are 0 for Flames vs 1 for Wild.
Shots for this period are 12 for Flames vs 9 for Wild.

3rd period


0:01 of 3rd period - Claude Giroux wins face-off versus Philipp Kurashev in neutral zone.
0:04 of 3rd period - Penalty to Evander Kane is over, Evander Kane is back on ice.
0:30 of 3rd period - Snap shot by Phillip Di Giuseppe.
0:30 of 3rd period - Stopped by Jeremy Swayman with a rebound.
0:54 of 3rd period - Wrist shot by Mikko Rantanen.
0:54 of 3rd period - Stopped by Jeremy Swayman with a rebound.
1:16 of 3rd period - Snap shot by Elias Lindholm.
1:16 of 3rd period - Stopped by Jaroslav Halak without a rebound.
1:17 of 3rd period - Pierre-Edouard Bellemare wins face-off versus Jared McCann in Wild zone.
1:22 of 3rd period - Wrist shot by Pierre-Edouard Bellemare.
1:22 of 3rd period - Stopped by Jaroslav Halak with a rebound.
1:24 of 3rd period - Wrist shot by Claude Giroux.
1:24 of 3rd period - Stopped by Jaroslav Halak without a rebound.
1:25 of 3rd period - Pierre-Edouard Bellemare wins face-off versus Jared McCann in Wild zone.
1:30 of 3rd period - Snap shot by Claude Giroux.
1:30 of 3rd period - Deflect By Pierre-Edouard Bellemare.
1:30 of 3rd period - Deflect By Jared McCann.
1:30 of 3rd period - Shot Misses the Net.
1:30 of 3rd period - Puck is out of play.
1:31 of 3rd period - Elias Lindholm wins face-off versus Jared McCann in Wild zone.
1:38 of 3rd period - Snap shot by Jake DeBrusk.
1:38 of 3rd period - Stopped by Jaroslav Halak with a rebound.
1:40 of 3rd period - Wrist shot by Elias Lindholm.
1:40 of 3rd period - Shot Blocked by Radko Gudas.
1:42 of 3rd period - Slapshot by Cale Makar.
1:42 of 3rd period - Shot Blocked by Eeli Tolvanen.
1:44 of 3rd period - Wrist shot by Jake DeBrusk.
1:44 of 3rd period - Shot Blocked by Andrej Sekera.
1:46 of 3rd period - Slapshot by Erik Johnson.
1:46 of 3rd period - Deflect By Eeli Tolvanen.
1:46 of 3rd period - Stopped by Jaroslav Halak without a rebound.
1:47 of 3rd period - Pierre-Edouard Bellemare wins face-off versus Nico Hischier in Wild zone.
1:48 of 3rd period - Wrist shot by Claude Giroux.
1:48 of 3rd period - Shot Misses the Net.
1:56 of 3rd period - Snap shot by Mikko Rantanen.
1:56 of 3rd period - Shot Misses the Net.
1:58 of 3rd period - Slapshot by Radko Gudas.
1:58 of 3rd period - Stopped by Jeremy Swayman with a rebound.
2:00 of 3rd period - Slapshot by Andrej Sekera.
2:00 of 3rd period - Stopped by Jeremy Swayman without a rebound.
2:01 of 3rd period - Elias Lindholm wins face-off versus Kasperi Kapanen in Flames zone.
2:14 of 3rd period - Wrist shot by Elias Lindholm.
2:14 of 3rd period - Stopped by Jaroslav Halak with a rebound.
2:16 of 3rd period - Slapshot by Evander Kane.
2:16 of 3rd period - Stopped by Jaroslav Halak with a rebound.
2:26 of 3rd period - David Reinbacher is hit by Steven Stamkos and loses puck.
2:32 of 3rd period - Nick Seeler is hit by Colton Parayko and loses puck.
3:36 of 3rd period - Slapshot by Jake DeBrusk.
3:36 of 3rd period - Stopped by Jaroslav Halak with a rebound.
3:38 of 3rd period - Snap shot by Jonathon Merrill.
3:38 of 3rd period - Shot Blocked by Oliver Ekman-Larsson.
4:08 of 3rd period - Zach Parise is hit by Erik Johnson and loses puck.
4:34 of 3rd period - Kyle Turris is hit by David Reinbacher and loses puck.
4:50 of 3rd period - Snap shot by Kevin Shattenkirk.
4:50 of 3rd period - Deflect By Sam Lafferty.
4:50 of 3rd period - Shot Misses the Net.
4:50 of 3rd period - Puck is out of play.
4:51 of 3rd period - Nico Hischier wins face-off versus Evander Kane in Flames zone.
5:04 of 3rd period - Wrist shot by Mikko Rantanen.
5:04 of 3rd period - Stopped by Jeremy Swayman with a rebound.
5:22 of 3rd period - Wrist shot by Zach Parise.
5:22 of 3rd period - Stopped by Jeremy Swayman with a rebound.
5:24 of 3rd period - Snap shot by Oliver Ekman-Larsson.
5:24 of 3rd period - Stopped by Jeremy Swayman with a rebound.
5:26 of 3rd period - Snap shot by Zach Parise.
5:26 of 3rd period - Stopped by Jeremy Swayman with a rebound.
5:28 of 3rd period - Slapshot by Zach Parise.
5:28 of 3rd period - Stopped by Jeremy Swayman with a rebound.
5:47 of 3rd period - Snap shot by Travis Dermott.
5:47 of 3rd period - Shot Misses the Net.
5:49 of 3rd period - Wrist shot by Jonathon Merrill.
5:49 of 3rd period - Deflect By Claude Giroux.
5:49 of 3rd period - Stopped by Jaroslav Halak with a rebound.
5:51 of 3rd period - Wrist shot by Walker Duehr.
5:51 of 3rd period - Shot Blocked by Jared McCann.
6:12 of 3rd period - Sam Lafferty is hit by Tyler Toffoli and loses puck.
7:11 of 3rd period - Snap shot by Jared McCann.
7:11 of 3rd period - Stopped by Jeremy Swayman with a rebound.
7:14 of 3rd period - Icing by Cale Makar.
7:15 of 3rd period - Jared McCann wins face-off versus Jake DeBrusk in Flames zone.
7:20 of 3rd period - Slapshot by Jared McCann.
7:20 of 3rd period - Shot Misses the Net.
7:38 of 3rd period - Snap shot by Mikko Rantanen.
7:38 of 3rd period - Stopped by Jeremy Swayman with a rebound.
7:40 of 3rd period - Snap shot by Ryan Strome.
7:40 of 3rd period - Shot Blocked by Jonathon Merrill.
8:05 of 3rd period - Snap shot by Sam Lafferty.
8:05 of 3rd period - Shot Misses the Net.
8:07 of 3rd period - Wrist shot by Radko Gudas.
8:07 of 3rd period - Stopped by Jeremy Swayman with a rebound.
8:09 of 3rd period - Slapshot by Sam Lafferty.
8:09 of 3rd period - Stopped by Jeremy Swayman with a rebound.
8:41 of 3rd period - Wrist shot by Eeli Tolvanen.
8:41 of 3rd period - Shot Misses the Net.
9:07 of 3rd period - Slapshot by Elias Lindholm.
9:07 of 3rd period - Deflect By Nico Hischier.
9:07 of 3rd period - Shot Blocked by Mikko Rantanen.
9:07 of 3rd period - Puck is out of play.
9:08 of 3rd period - Elias Lindholm wins face-off versus Nico Hischier in Wild zone.
9:15 of 3rd period - Slapshot by Cale Makar.
9:15 of 3rd period - Goal by Cale Makar - Flames : 1 - Wild : 1.
9:16 of 3rd period - Steven Stamkos wins face-off versus Jared McCann in neutral zone.
9:32 of 3rd period - Wrist shot by Jared McCann.
9:32 of 3rd period - Shot Misses the Net.
9:42 of 3rd period - Mikko Rantanen is hit by Jake DeBrusk and loses puck.
10:28 of 3rd period - Zach Hyman is hit by Colton Parayko and loses puck.
11:01 of 3rd period - Slapshot by Phillip Di Giuseppe.
11:01 of 3rd period - Stopped by Jeremy Swayman with a rebound.
11:03 of 3rd period - Wrist shot by Zach Sanford.
11:03 of 3rd period - Deflect By Phillip Di Giuseppe.
11:03 of 3rd period - Stopped by Jeremy Swayman without a rebound.
11:04 of 3rd period - Elias Lindholm wins face-off versus Sam Lafferty in Flames zone.
11:04 of 3rd period - Elias Lindholm is hit by Zach Sanford.
11:22 of 3rd period - Snap shot by Jake DeBrusk.
11:22 of 3rd period - Stopped by Jaroslav Halak with a rebound.
11:27 of 3rd period - Colton Parayko beats up Radko Gudas.
11:27 of 3rd period - Penalty to Radko Gudas for Fighting.
11:27 of 3rd period - Penalty to Colton Parayko for Fighting.
11:28 of 3rd period - Jared McCann wins face-off versus Steven Stamkos in Flames zone.
11:39 of 3rd period - Snap shot by Jared McCann.
11:39 of 3rd period - Shot Misses the Net.
11:59 of 3rd period - Slapshot by Mikko Rantanen.
11:59 of 3rd period - Deflect By Jake DeBrusk.
11:59 of 3rd period - Shot Blocked by Cale Makar.
11:59 of 3rd period - Puck is out of play.
12:00 of 3rd period - Nico Hischier wins face-off versus Elias Lindholm in Flames zone.
12:35 of 3rd period - Wrist shot by Elias Lindholm.
12:35 of 3rd period - Stopped by Jaroslav Halak without a rebound.
12:36 of 3rd period - Steven Stamkos wins face-off versus Eeli Tolvanen in Wild zone.
13:02 of 3rd period - Cale Makar is hit by Zach Hyman and loses puck.
13:23 of 3rd period - Luke Glendening is hit by Mikko Rantanen and loses puck.
13:51 of 3rd period - Sam Lafferty is hit by Evander Kane and loses puck.
14:16 of 3rd period - Snap shot by Jared McCann.
14:16 of 3rd period - Stopped by Jeremy Swayman without a rebound.
14:17 of 3rd period - Ryan Strome wins face-off versus Elias Lindholm in Flames zone.
14:22 of 3rd period - Snap shot by Mikko Rantanen.
14:22 of 3rd period - Shot Blocked by Jake DeBrusk.
14:32 of 3rd period - Snap shot by Nico Hischier.
14:32 of 3rd period - Stopped by Jeremy Swayman with a rebound.
14:44 of 3rd period - Travis Dermott is hit by Kasperi Kapanen and loses puck.
15:09 of 3rd period - Dylan DeMelo is hit by Phillip Di Giuseppe and loses puck.
15:16 of 3rd period - Backhand shot by Zach Sanford.
15:16 of 3rd period - Shot Misses the Net.
15:26 of 3rd period - Zach Hyman is hit by Andreas Johnsson and loses puck.
15:33 of 3rd period - Wrist shot by Kyle Turris.
15:33 of 3rd period - Shot Misses the Net.
15:45 of 3rd period - Mikko Rantanen is hit by Erik Johnson and loses puck.
15:56 of 3rd period - Wrist shot by Elias Lindholm.
15:56 of 3rd period - Shot Blocked by Oliver Ekman-Larsson.
16:06 of 3rd period - Eeli Tolvanen is hit by Tyler Toffoli and loses puck.
16:18 of 3rd period - Eeli Tolvanen is hit by Steven Stamkos.
16:28 of 3rd period - Nick Seeler is hit by Jonathon Merrill.
16:48 of 3rd period - Zach Parise is hit by Erik Johnson and loses puck.
16:57 of 3rd period - Zach Parise is hit by Luke Glendening and loses puck.
17:12 of 3rd period - Snap shot by Mikko Rantanen.
17:12 of 3rd period - Shot Misses the Net.
17:34 of 3rd period - Elias Lindholm is hit by Oliver Ekman-Larsson and loses puck.
17:51 of 3rd period - Wrist shot by Sam Lafferty.
17:51 of 3rd period - Stopped by Jeremy Swayman without a rebound.
17:52 of 3rd period - Sam Lafferty wins face-off versus Claude Giroux in Flames zone.
18:07 of 3rd period - Slapshot by David Reinbacher.
18:07 of 3rd period - Stopped by Jeremy Swayman with a rebound.
18:09 of 3rd period - Slapshot by David Reinbacher.
18:09 of 3rd period - Stopped by Jeremy Swayman with a rebound.
18:11 of 3rd period - Snap shot by Phillip Di Giuseppe.
18:11 of 3rd period - Stopped by Jeremy Swayman with a rebound.
18:13 of 3rd period - Slapshot by Andrej Sekera.
18:13 of 3rd period - Shot Misses the Net.
18:15 of 3rd period - Wrist shot by Sam Lafferty.
18:15 of 3rd period - Shot Misses the Net.
18:17 of 3rd period - Snap shot by Zach Sanford.
18:17 of 3rd period - Stopped by Jeremy Swayman with a rebound.
18:19 of 3rd period - Slapshot by Andrej Sekera.
18:19 of 3rd period - Shot Blocked by Jonathon Merrill.
18:21 of 3rd period - Slapshot by Andrej Sekera.
18:21 of 3rd period - Shot Misses the Net.
18:37 of 3rd period - Travis Dermott is hit by Phillip Di Giuseppe.
18:47 of 3rd period - Slapshot by Walker Duehr.
18:47 of 3rd period - Shot Misses the Net.
19:13 of 3rd period - Snap shot by Pierre-Edouard Bellemare.
19:13 of 3rd period - Shot Blocked by Sam Lafferty.
19:36 of 3rd period - Icing by Pierre-Edouard Bellemare.
19:37 of 3rd period - Pierre-Edouard Bellemare wins face-off versus Zach Parise in Flames zone.
19:50 of 3rd period - Wrist shot by Claude Giroux.
19:50 of 3rd period - Shot Blocked by Philipp Kurashev.
Goals for this period are 1 for Flames vs 0 for Wild.
Shots for this period are 12 for Flames vs 22 for Wild.

Overtime #1


0:01 of 1st overtime period - Nico Hischier wins face-off versus Elias Lindholm in neutral zone.
0:26 of 1st overtime period - Claude Giroux is hit by Radko Gudas and loses puck.
0:37 of 1st overtime period - Wrist shot by Jared McCann.
0:37 of 1st overtime period - Shot Misses the Net.
0:39 of 1st overtime period - Backhand shot by Jared McCann.
0:39 of 1st overtime period - Goal by Jared McCann - Flames : 1 - Wild : 2.
Goals for this period are 0 for Flames vs 1 for Wild.
Shots for this period are 0 for Flames vs 1 for Wild.